General information
- name: BNet
- type: Ladder team game (AT/RT)
- host: Battle.net
- saver: NlGGER_sIayer
map: Cherryville
- players: 8
- length: 126:23
- speed: Fast
- version: 1.24 W3XP
- replay type: Public
» download(335 KB)
Players
team 1 (winner)
NlGGER_sIayer (
red | 12 APM | 1572 actions | 126:23)
8 Mountain King
3 Storm Bolt
2 Bash
1 Avatar
2 Thunder Clap
» actions
| Assign group hotkey | 163 | |
| Basic commands | 29 | |
| Build / train | 136 | |
| Enter build submenu | 59 | |
| Enter hero's abilities submenu | 8 | |
| Remove unit from queue | 11 | |
| Right click | 616 | |
| Select / deselect | 378 | |
| Select group hotkey | 91 | |
| Use ability | 81 | |
1572 total
» units
| Peasant | 15 | |
| Footman | 1 | |
| Rifleman | 9 | |
| Gryphon Rider | 19 | |
| Dragonhawk Rider | -5 | |
39 total
» upgrades
| Masonry | 3 | |
| Gunpowder | 3 | |
| Armor | 3 | |
| Lumber Harvesting | 2 | |
| Storm Hammers | 1 | |
| Backpack | 1 | |
| Swords | 3 | |
| Plating | 0 | |
| Long Rifles | 1 | |
17 total
» buildings
| Altar of Kings | 1 | |
| Barracks | 1 | |
| Scout Tower | 32 | |
| Farm | 13 | |
| Arcane Tower | 1 | |
| Lumber Mill | 1 | |
| Blacksmith | 1 | |
| Arcane Vault | 2 | |
| Keep | 1 | |
| Guard Tower | 37 | |
| Castle | 1 | |
| Gryphon Aviary | 1 | |
| Town Hall | 1 | |
93 total
» build order
00:12 Altar of Kings
00:26 Barracks
00:47 Scout Tower
01:27 Farm
01:48 Farm
02:04 Arcane Tower
02:13 Farm
02:17 Lumber Mill
02:43 Farm
02:45 Farm
02:59 Blacksmith
04:13 Arcane Vault
04:20 Arcane Vault
04:33 Keep
04:56 Scout Tower
05:05 Scout Tower
05:31 Guard Tower
05:44 Guard Tower
07:14 Castle
08:59 Gryphon Aviary
10:01 Farm
14:02 Scout Tower
14:13 Scout Tower
14:16 Scout Tower
14:28 Guard Tower
14:28 Guard Tower
14:28 Guard Tower
14:45 Guard Tower
14:46 Guard Tower
14:47 Guard Tower
15:06 Guard Tower
15:15 Scout Tower
15:18 Scout Tower
15:23 Guard Tower
15:28 Scout Tower
15:44 Scout Tower
15:59 Guard Tower
16:00 Guard Tower
16:05 Guard Tower
16:10 Guard Tower
16:19 Scout Tower
16:33 Scout Tower
16:40 Scout Tower
16:47 Guard Tower
17:37 Guard Tower
18:23 Scout Tower
18:30 Scout Tower
18:32 Guard Tower
18:42 Scout Tower
19:33 Scout Tower
19:36 Scout Tower
20:05 Guard Tower
20:11 Guard Tower
20:28 Guard Tower
20:32 Guard Tower
20:42 Guard Tower
21:22 Town Hall
21:52 Scout Tower
22:41 Scout Tower
24:13 Guard Tower
24:14 Guard Tower
24:18 Scout Tower
24:21 Scout Tower
24:22 Scout Tower
24:38 Guard Tower
25:05 Guard Tower
25:10 Guard Tower
25:41 Scout Tower
25:43 Scout Tower
25:46 Guard Tower
26:10 Guard Tower
26:33 Guard Tower
27:31 Scout Tower
27:32 Scout Tower
27:33 Scout Tower
28:51 Guard Tower
29:03 Scout Tower
29:04 Scout Tower
29:06 Scout Tower
29:08 Scout Tower
29:23 Farm
30:28 Guard Tower
32:25 Guard Tower
32:57 Guard Tower
38:39 Farm
38:48 Farm
39:18 Farm
39:20 Farm
40:05 Farm
40:14 Farm
» items
| Scroll of Regeneration | 6 | |
| Lesser Clarity Potion | 1 | |
| Orb of Fire | 1 | |
| Scroll of Town Portal | 3 | |
| Ivory Tower | 7 | |
| Potion of Healing | 3 | |
21 total
go-oner (
pink | 139 APM | 1892 actions | 13:39)
4 Blademaster
2 Wind Walk
2 Critical Strike
2 Shadow Hunter
1 Hex
1 Healing Wave
» actions
| Assign group hotkey | 115 | |
| Build / train | 63 | |
| Enter build submenu | 16 | |
| Enter hero's abilities submenu | 6 | |
| Give item / drop item | 2 | |
| Remove unit from queue | 3 | |
| Right click | 782 | |
| Select / deselect | 206 | |
| Select group hotkey | 631 | |
| Use ability | 68 | |
1892 total
» units
| Peon | 11 | |
| Grunt | 5 | |
| Wind Rider | 3 | |
| Shaman | 2 | |
21 total
» upgrades
| Berserker Strength | 1 | |
| Witch Doctor Training | 0 | |
| Shaman Training | 2 | |
| Envenomed Spears | 1 | |
| Ranged Weapons | 1 | |
5 total
» buildings
| Altar of Storms | 1 | |
| Orc Burrow | 6 | |
| Barracks | 1 | |
| Voodoo Lounge | 2 | |
| Stronghold | 4 | |
| War Mill | 1 | |
| Fortress | 2 | |
| Spirit Lodge | 1 | |
| Beastiary | 2 | |
| Great Hall | 1 | |
21 total
» build order
00:07 Altar of Storms
00:19 Orc Burrow
00:34 Barracks
01:27 Orc Burrow
02:07 Voodoo Lounge
02:10 Voodoo Lounge
02:52 Stronghold
02:52 Stronghold
03:07 War Mill
03:41 Orc Burrow
05:41 Orc Burrow
06:39 Fortress
06:44 Spirit Lodge
07:24 Beastiary
07:26 Beastiary
10:16 Great Hall
10:42 Orc Burrow
11:41 Orc Burrow
» items
| Healing Salve | 4 | |
| Lesser Clarity Potion | 4 | |
| Scroll of Speed | 2 | |
| Potion of Healing | 1 | |
| Orb of Lightning | 1 | |
12 total
waz-up (
green | 36 APM | 974 actions | 27:05)
2 Blademaster
1 Wind Walk
1 Critical Strike
» actions
| Build / train | 107 | |
| Enter build submenu | 23 | |
| Enter hero's abilities submenu | 2 | |
| Give item / drop item | 2 | |
| Right click | 361 | |
| Select / deselect | 397 | |
| Use ability | 82 | |
974 total
» units
| Peon | 26 | |
| Grunt | 4 | |
| Troll Batrider | 55 | |
| Wind Rider | 4 | |
| Raider | 8 | |
97 total
» upgrades
| Liquid Fire | 2 | |
| Ranged Weapons | 1 | |
| Reinforced Defenses | 1 | |
| Pillage | 1 | |
5 total
» buildings
| Orc Burrow | 7 | |
| Barracks | 1 | |
| Altar of Storms | 1 | |
| Stronghold | 1 | |
| Great Hall | 2 | |
| War Mill | 1 | |
| Fortress | 1 | |
| Voodoo Lounge | 1 | |
| Beastiary | 3 | |
| Watch Tower | 7 | |
25 total
» build order
00:27 Orc Burrow
00:43 Barracks
00:59 Altar of Storms
01:42 Orc Burrow
02:14 Orc Burrow
03:20 Stronghold
04:10 Great Hall
05:11 War Mill
05:45 Fortress
05:50 Voodoo Lounge
05:56 Beastiary
06:04 Beastiary
06:56 Beastiary
07:27 Orc Burrow
08:31 Orc Burrow
08:50 Watch Tower
09:07 Watch Tower
09:49 Watch Tower
10:17 Watch Tower
10:24 Orc Burrow
10:54 Watch Tower
11:12 Orc Burrow
11:33 Watch Tower
12:18 Watch Tower
26:06 Great Hall
j23jf (
orange | 51 APM | 1447 actions | 28:24)
5 Blademaster
2 Wind Walk
3 Critical Strike
1 Shadow Hunter
1 Healing Wave
» actions
| Assign group hotkey | 58 | |
| Basic commands | 114 | |
| Build / train | 49 | |
| ESC pressed | 2 | |
| Enter build submenu | 16 | |
| Enter hero's abilities submenu | 7 | |
| Give item / drop item | 9 | |
| Right click | 554 | |
| Select / deselect | 127 | |
| Select group hotkey | 456 | |
| Use ability | 55 | |
1447 total
» units
| Peon | 7 | |
| Grunt | 7 | |
| Troll Headhunter/Berserker | 2 | |
| Shaman | 2 | |
18 total
» upgrades
| Spiked Barricades | 1 | |
| Melee Weapons | 2 | |
| Ranged Weapons | 1 | |
| Shaman Training | 2 | |
6 total
» buildings
| Altar of Storms | 1 | |
| Orc Burrow | 5 | |
| Barracks | 2 | |
| War Mill | 1 | |
| Voodoo Lounge | 1 | |
| Stronghold | 1 | |
| Watch Tower | 4 | |
| Fortress | 7 | |
| Spirit Lodge | 1 | |
23 total
» build order
00:05 Altar of Storms
00:07 Orc Burrow
00:49 Barracks
01:49 Orc Burrow
02:46 Orc Burrow
03:23 War Mill
03:55 Voodoo Lounge
03:58 Barracks
04:31 Orc Burrow
05:02 Stronghold
07:34 Watch Tower
07:36 Watch Tower
07:37 Watch Tower
07:42 Orc Burrow
09:10 Fortress
09:10 Fortress
09:11 Fortress
09:11 Fortress
10:54 Spirit Lodge
10:58 Watch Tower
» items
| Boots of Speed | 1 | |
| Periapt of Vitality | 1 | |
| Potion of Healing | 2 | |
| Orb of Lightning | 1 | |
| Healing Salve | 1 | |
6 total
team 2 (loser)
ARTHAS-LIKES-ME (
blue | 46 APM | 2352 actions | 51:17)
7 Blademaster
3 Wind Walk
3 Critical Strike
1 Bladestorm
6 Shadow Hunter
2 Hex
3 Healing Wave
1 Big Bad Voodoo
» actions
| Assign group hotkey | 29 | |
| Basic commands | 25 | |
| Build / train | 85 | |
| ESC pressed | 2 | |
| Enter build submenu | 27 | |
| Enter hero's abilities submenu | 14 | |
| Give item / drop item | 7 | |
| Right click | 813 | |
| Select / deselect | 373 | |
| Select group hotkey | 841 | |
| Use ability | 136 | |
2352 total
» units
| Peon | 26 | |
| Grunt | 4 | |
| Wind Rider | 6 | |
| Goblin Shredder | 1 | |
| Troll Batrider | 4 | |
41 total
» upgrades
| Reinforced Defenses | 1 | |
| Envenomed Spears | 1 | |
| Ranged Weapons | 2 | |
| Armor | 2 | |
6 total
» buildings
| Altar of Storms | 1 | |
| Orc Burrow | 7 | |
| Barracks | 1 | |
| Voodoo Lounge | 1 | |
| Stronghold | 1 | |
| Great Hall | 5 | |
| Beastiary | 2 | |
| Fortress | 1 | |
| War Mill | 1 | |
| Watch Tower | 17 | |
37 total
» build order
00:07 Altar of Storms
00:17 Orc Burrow
00:38 Barracks
01:25 Orc Burrow
01:57 Voodoo Lounge
02:55 Stronghold
03:39 Orc Burrow
03:41 Orc Burrow
04:38 Great Hall
04:47 Orc Burrow
06:08 Beastiary
06:14 Beastiary
09:28 Fortress
09:48 War Mill
10:05 Orc Burrow
10:10 Orc Burrow
11:05 Watch Tower
11:06 Watch Tower
11:06 Watch Tower
14:32 Great Hall
14:34 Watch Tower
14:38 Great Hall
14:44 Watch Tower
15:56 Watch Tower
16:03 Watch Tower
16:52 Watch Tower
16:52 Watch Tower
22:23 Watch Tower
22:23 Watch Tower
22:54 Watch Tower
22:55 Watch Tower
22:55 Watch Tower
22:55 Watch Tower
22:56 Watch Tower
30:30 Great Hall
30:53 Great Hall
» items
| Healing Salve | 5 | |
| Lesser Clarity Potion | 2 | |
| Potion of Lesser Invulnerability | 1 | |
| Scroll of Healing | 1 | |
| Potion of Invisibility | 1 | |
| Orb of Lightning | 1 | |
| Potion of Healing | 1 | |
| Potion of Mana | 1 | |
| Scroll of Town Portal | 3 | |
| Dust of Appearance | 1 | |
| Staff of Teleportation | 1 | |
18 total
XxXelf-qcXxX (
purple | 28 APM | 520 actions | 18:48)
5 Demon Hunter
1 Mana Burn
2 Immolation
2 Evasion
» actions
| Build / train | 42 | |
| Enter build submenu | 19 | |
| Enter hero's abilities submenu | 6 | |
| Give item / drop item | 4 | |
| Right click | 184 | |
| Select / deselect | 231 | |
| Use ability | 34 | |
520 total
» units
| Wisp | 12 | |
| Archer | 10 | |
| Hippogryph | 6 | |
28 total
» upgrades
| Strength of the Moon | 2 | |
| Moon Armor | 2 | |
| Improved Bows | 1 | |
| Hippogryph Taming | 1 | |
6 total
» buildings
| Moon Well | 6 | |
| Altar of Elders | 1 | |
| Ancient of War | 2 | |
| Hunter's Hall | 1 | |
| Tree of Ages | 2 | |
| Ancient Protector | 2 | |
| Ancient of Wind | 4 | |
| Tree of Life | 1 | |
19 total
» build order
00:22 Moon Well
00:38 Altar of Elders
00:52 Ancient of War
01:44 Moon Well
02:38 Moon Well
03:05 Hunter's Hall
03:31 Moon Well
04:14 Tree of Ages
04:36 Ancient of War
04:47 Moon Well
05:55 Ancient Protector
07:17 Ancient of Wind
07:24 Ancient of Wind
12:34 Moon Well
13:35 Tree of Life
13:50 Ancient Protector
15:41 Tree of Ages
18:05 Ancient of Wind
18:08 Ancient of Wind
Dry_Bones (
teal | 39 APM | 1987 actions | 51:16)
8 Dreadlord
3 Carrion Swarm
3 Vampiric Aura
1 Inferno
1 Sleep
» actions
| Basic commands | 45 | |
| Build / train | 98 | |
| ESC pressed | 5 | |
| Enter build submenu | 24 | |
| Enter hero's abilities submenu | 8 | |
| Give item / drop item | 1 | |
| Right click | 1112 | |
| Select / deselect | 537 | |
| Use ability | 157 | |
1987 total
» units
| Acolyte | 2 | |
| Ghoul | 8 | |
| Necromancer | 30 | |
| Meatwagon | 19 | |
59 total
» upgrades
| Unholy Strength | 3 | |
| Unholy Armor | 2 | |
| Necromancer Training | 2 | |
| Skeletal Longevity | 1 | |
| Exhume Corpses | 1 | |
| Disease Cloud | 1 | |
| Skeletal Mastery | 1 | |
11 total
» buildings
| Altar of Darkness | 1 | |
| Ziggurat | 9 | |
| Crypt | 1 | |
| Graveyard | 2 | |
| Nerubian Tower | 1 | |
| Halls of the Dead | 1 | |
| Spirit Tower | 6 | |
| Temple of the Damned | 2 | |
| Slaughterhouse | 1 | |
| Black Citadel | 2 | |
| Tomb of Relics | 2 | |
| Sacrificial Pit | 1 | |
29 total
» build order
00:08 Altar of Darkness
00:10 Ziggurat
00:14 Crypt
01:35 Graveyard
01:40 Graveyard
01:52 Nerubian Tower
02:01 Ziggurat
02:44 Ziggurat
04:01 Halls of the Dead
04:54 Spirit Tower
07:07 Temple of the Damned
07:18 Temple of the Damned
07:21 Slaughterhouse
11:14 Ziggurat
11:18 Ziggurat
11:28 Ziggurat
11:30 Ziggurat
13:26 Spirit Tower
13:27 Spirit Tower
16:11 Black Citadel
19:40 Tomb of Relics
22:38 Ziggurat
35:48 Spirit Tower
35:48 Spirit Tower
36:02 Tomb of Relics
36:06 Sacrificial Pit
41:37 Ziggurat
» items
| Boots of Speed | 1 | |
| Staff of Teleportation | 1 | |
| Dust of Appearance | 1 | |
| Orb of Corruption | 1 | |
4 total

»
4lpha_Ch1clCen (
yellow | 35 APM | 1783 actions | 51:16)
9 Goblin Alchemist
3 Healing Spray
3 Acid Bomb
1 Transmute
2 Chemical Rage
» actions
| Assign group hotkey | 27 | |
| Basic commands | 10 | |
| Build / train | 92 | |
| ESC pressed | 4 | |
| Enter build submenu | 29 | |
| Enter hero's abilities submenu | 9 | |
| Remove unit from queue | 3 | |
| Right click | 745 | |
| Select / deselect | 467 | |
| Select group hotkey | 311 | |
| Use ability | 86 | |
1783 total
» units
| Wisp | 22 | |
| Archer | 25 | |
| Hippogryph | 14 | |
| Dryad | 6 | |
| Goblin Zeppelin | 1 | |
| Goblin Sapper | 2 | |
| Glaive Thrower | 1 | |
71 total
» upgrades
| Hippogryph Taming | 1 | |
| Moon Armor | 2 | |
| Improved Bows | 1 | |
| Strength of the Moon | 2 | |
6 total
» buildings
| Altar of Elders | 1 | |
| Moon Well | 10 | |
| Ancient of War | 2 | |
| Tree of Ages | 2 | |
| Hunter's Hall | 1 | |
| Ancient Protector | 5 | |
| Ancient of Wind | 2 | |
| Tree of Life | 2 | |
| Ancient of Lore | 3 | |
| Ancient of Wonders | 1 | |
29 total
» build order
00:08 Altar of Elders
00:11 Moon Well
01:23 Ancient of War
02:21 Tree of Ages
03:12 Moon Well
03:28 Hunter's Hall
04:13 Moon Well
05:12 Ancient Protector
05:32 Ancient of Wind
05:34 Ancient of Wind
06:17 Ancient Protector
06:51 Moon Well
07:41 Moon Well
08:37 Moon Well
10:09 Ancient Protector
19:48 Tree of Life
21:56 Tree of Ages
24:37 Ancient of Lore
24:55 Ancient of Lore
25:10 Ancient of Lore
25:43 Moon Well
25:52 Moon Well
26:20 Ancient of Wonders
26:38 Moon Well
27:15 Moon Well
27:52 Ancient Protector
28:01 Ancient Protector
32:14 Ancient of War
32:23 Tree of Life
Chat log
(00:09 / Allies) j23jf: rush
(00:10 / Allies) j23jf: hard
(00:17 / Allies) j23jf: bm rush?
(00:18 / 4) NlGGER_sIayer: they're saying to rush hard
(00:21 / Allies) j23jf: sh wards?
(00:29 / All) Dry_Bones: arthas doesn't like anyone, hes a jackass
(00:32 / All) ARTHAS-LIKES-ME: they always say that
(00:36 / All) Dry_Bones: lol
(00:53 / All) Dry_Bones: arthas has servents, or enemies
(01:24 / Allies) j23jf: plan guys
(01:45 / Allies) NlGGER_sIayer: rape them anally
(02:11 / Allies) j23jf: we rushing?
(06:30 / Allies) waz-up: woood
(07:06 / Allies) j23jf: heal me
(07:12 / All) NlGGER_sIayer: haha
(07:23 / Allies) j23jf: do we have healer hero?
(07:29 / Allies) j23jf: heros?
(07:33 / Allies) waz-up: woooood
(07:52 / Allies) j23jf: arent you guys able to taklk?
(08:46 / All) ARTHAS-LIKES-ME: truce pink?
(10:32 / 4) NlGGER_sIayer: bottom right, on the edge of the map
(11:11 / Allies) j23jf: they teching hard
(11:16 / Allies) j23jf: are we teching srs?
(11:38 / Allies) j23jf: aa
(12:42 / Allies) j23jf: come all fags
(12:57 / Allies) j23jf: fucking pussie alies
(13:55 / Allies) NlGGER_sIayer: we can still win this
(13:57 / All) ARTHAS-LIKES-ME: tower up
(14:05 / All) ARTHAS-LIKES-ME: my team is stronger
(15:08 / All) ARTHAS-LIKES-ME: tanks too, and some copters
(15:12 / All) ARTHAS-LIKES-ME: no mortars
(16:49 / 4) NlGGER_sIayer: help
(17:17 / All) ARTHAS-LIKES-ME: stay back
(19:22 / All) NlGGER_sIayer: rape
(19:50 / All) ARTHAS-LIKES-ME: expo
(21:05 / All) Dry_Bones: lol
(21:32 / Allies) j23jf: HEAL ME
(21:36 / All) ARTHAS-LIKES-ME: dont be afraid to leave ur base
(21:39 / Allies) j23jf: sh
(21:45 / 4) NlGGER_sIayer: building an expo right now below me
(22:06 / All) ARTHAS-LIKES-ME: tell ur teammates im harmless
(22:13 / Allies) NlGGER_sIayer: blue is harmless
(22:17 / Allies) NlGGER_sIayer: I know him
(22:30 / Allies) NlGGER_sIayer: if you don't hurt him, he won't hurt you
(23:49 / All) ARTHAS-LIKES-ME: i know
(23:52 / All) ARTHAS-LIKES-ME: i am sorry
(24:06 / All) ARTHAS-LIKES-ME: u need to do something itachi
(24:10 / All) NlGGER_sIayer: why?
(24:26 / All) NlGGER_sIayer: what happened?
(25:10 / All) ARTHAS-LIKES-ME: im doing all the work i mean
(25:26 / 4) NlGGER_sIayer: what should I do? somebody I should kill?
(25:44 / All) ARTHAS-LIKES-ME: COME ON MAN
(25:48 / All) ARTHAS-LIKES-ME: tp staff his hero
(25:49 / All) ARTHAS-LIKES-ME: do something
(26:06 / 4) NlGGER_sIayer: who's hero? orange?
(26:09 / All) ARTHAS-LIKES-ME: u need to buy a tp staff and kill chasing heros
(26:10 / All) ARTHAS-LIKES-ME: yes
(26:16 / Allies) j23jf: you should wait on me to kill hrie sh
(26:32 / All) ARTHAS-LIKES-ME: kill their expos
(26:36 / All) ARTHAS-LIKES-ME: you have towers in ur base
(27:11 / 4) NlGGER_sIayer: raped green's expo
(27:21 / All) ARTHAS-LIKES-ME: good, this is going to take practice
(27:37 / All) ARTHAS-LIKES-ME: now attack
(27:38 / All) ARTHAS-LIKES-ME: yellow
(27:40 / All) ARTHAS-LIKES-ME: bottom base
(27:41 / All) ARTHAS-LIKES-ME: gogo
(28:30 / All) ARTHAS-LIKES-ME: wheres ur hero
(28:34 / All) ARTHAS-LIKES-ME: attack his hero
(29:24 / All) ARTHAS-LIKES-ME: you definitely need practice
(29:29 / All) ARTHAS-LIKES-ME: u should have nuked yellows hero
(29:38 / All) ARTHAS-LIKES-ME: you can one shot him at level 5 if you have lots of griffs
(29:40 / 4) NlGGER_sIayer: yes I'm rusty as hell
(29:55 / All) ARTHAS-LIKES-ME: just talk in all my teammates are dumbasses
(29:57 / All) ARTHAS-LIKES-ME: no offense
(30:13 / All) NlGGER_sIayer: I even upgraded the gunpowder instead of swords. I haven't played in a while.
(30:24 / All) NlGGER_sIayer: all upgrades are maxed now except iron plating
(30:33 / All) NlGGER_sIayer: 666 lumber
(30:43 / All) ARTHAS-LIKES-ME: ok go and attack teal now, he only has necs
(30:47 / All) ARTHAS-LIKES-ME: remember surprise him
(30:56 / All) NlGGER_sIayer: where is he?
(31:03 / All) NlGGER_sIayer: his necros?
(31:03 / All) ARTHAS-LIKES-ME: pinks base?
(31:13 / All) Dry_Bones: where do you think
(31:14 / All) NlGGER_sIayer: omw
(31:18 / All) ARTHAS-LIKES-ME: he has no tp on his hero,
(31:45 / All) ARTHAS-LIKES-ME: good job
(31:49 / All) ARTHAS-LIKES-ME: now defend ur base
(32:28 / All) ARTHAS-LIKES-ME: what makes the mk great in 4v4rt is you can nuke heros and basically 1v4 if ur careful about it
(32:38 / All) ARTHAS-LIKES-ME: now back
(32:41 / All) ARTHAS-LIKES-ME: good job
(32:56 / All) ARTHAS-LIKES-ME: be sure to use greens units if u want
(33:27 / 4) NlGGER_sIayer: omw
(34:01 / All) ARTHAS-LIKES-ME: always pay attention to what items heros have, always target heros without tps
(34:10 / All) ARTHAS-LIKES-ME: archmage's and other intelligent heros die really quick
(34:23 / All) Dry_Bones: but AMs have mass tp
(34:34 / All) ARTHAS-LIKES-ME: bolt will stop him, or hex
(35:02 / All) ARTHAS-LIKES-ME: in these type of games you always want to have like 3 expos and towers
(35:26 / All) ARTHAS-LIKES-ME: yellow do you need gold for your alchemist? you can revive him at tavern
(35:56 / All) NlGGER_sIayer: I have to go in 5 minutes, it's my brother's birthday. dinner
(36:10 / All) ARTHAS-LIKES-ME: do you care who wins
(36:16 / All) NlGGER_sIayer: I'd prefer they lose
(36:23 / All) NlGGER_sIayer: I'll just go afk if I have to go
(36:31 / All) ARTHAS-LIKES-ME: they have awful records
(36:32 / All) ARTHAS-LIKES-ME: ok
(36:36 / All) ARTHAS-LIKES-ME: we'll stay in game then
(36:42 / All) NlGGER_sIayer: even better then. their records will be further raped.
(36:44 / All) ARTHAS-LIKES-ME: they can get the win if they kill the towers i dont care
(37:18 / All) ARTHAS-LIKES-ME: lets try to kill the towers with just 4 heros
(37:23 / All) NlGGER_sIayer: my towers?
(37:32 / All) ARTHAS-LIKES-ME: yes
(37:47 / All) ARTHAS-LIKES-ME: we're just gonna screw around, ur team has better stats
(38:23 / All) ARTHAS-LIKES-ME: when you and me clearly are the dictators and the strongest pair, we can do whatever we want
(38:25 / All) ARTHAS-LIKES-ME: just screwing around
(38:27 / All) ARTHAS-LIKES-ME: anything
(38:40 / All) ARTHAS-LIKES-ME: only when its clear we are winning
(39:36 / All) ARTHAS-LIKES-ME: you could get ur mk and try to kill teal again or level to ten
(40:00 / All) NlGGER_sIayer: I have to go in a minute, no time. I'm massing riflemen to make your siege harder.
(40:13 / All) ARTHAS-LIKES-ME: good work
(40:29 / All) NlGGER_sIayer: goodbye
(40:32 / 4) NlGGER_sIayer: I should be on tonight
(40:36 / All) ARTHAS-LIKES-ME: okay
(41:37 / All) ARTHAS-LIKES-ME: LETS have a duel teal
(41:40 / All) ARTHAS-LIKES-ME: my sh vs ur hero
(42:08 / All) ARTHAS-LIKES-ME: not even close
(42:30 / All) ARTHAS-LIKES-ME: i give up
(42:47 / All) ARTHAS-LIKES-ME: hes afk teal...
(43:04 / All) ARTHAS-LIKES-ME: level ten haha
(43:21 / All) ARTHAS-LIKES-ME: moms home
(47:36 / All) ARTHAS-LIKES-ME: YELLOW LETS DUEL
(47:39 / All) ARTHAS-LIKES-ME: UR HERO VS BM
(47:40 / All) ARTHAS-LIKES-ME: GOGO
(48:20 / All) ARTHAS-LIKES-ME: GAY
(48:47 / All) ARTHAS-LIKES-ME: feels like world of warcraft
(48:51 / All) ARTHAS-LIKES-ME: we have 2 healers in group
(48:53 / All) ARTHAS-LIKES-ME: 4 man party
(49:17 / All) ARTHAS-LIKES-ME: haha
(49:32 / All) ARTHAS-LIKES-ME: wow alchy is awesome
(49:32 / All) Dry_Bones: :D
(50:51 / All) ARTHAS-LIKES-ME: i like you two
(51:02 / All) ARTHAS-LIKES-ME: im "training" red